 Dungeon Crawl Stone Soup version 0.24.0-13-gcf9b319 (webtiles) character file.

Game seed: 6387960265626861605, levelgen mode: deterministic

5 Bronimir the Firebug (level 1, -2/10 HPs)
             Began as a Tengu Fire Elementalist on Mar 14, 2020.
             Slain by a leopard gecko (3 damage)
             ... on level 1 of the Dungeon.
             The game lasted 00:00:50 (141 turns).

Bronimir the Firebug (Tengu Fire Elementalist)       Turns: 141, Time: 00:00:51

Health: -2/10      AC:  3    Str:  8    XL:     1   Next: 80%
Magic:  1/4        EV: 12    Int: 15    God:
Gold:   0          SH:  0    Dex: 14    Spells: 3/4 levels left

rFire    . . .     SeeInvis .   d - +0 club
rCold    . . .     Gourm    .   (no shield)
rNeg     . . .     Faith    .   g - +0 leather armour
rPois    .         Spirit   .   (helmet restricted)
rElec    .         Reflect  .   (no cloak)
rCorr    .         Harm     .   (no gloves)
MR       .....                  (boots unavailable)
Stlth    ++........             (no amulet)
HPRegen  0.03/turn              (no ring)
MPRegen  0.09/turn              (no ring)

@: no status effects
A: beak, talons 3
a: no special abilities


You were on level 1 of the Dungeon.
You were not hungry.

You visited 1 branch of the dungeon, and saw 1 of its levels.

Inventory:

Hand Weapons
 d - a +0 club (weapon)
 e - a +0 dagger
Armour
 a - a +0 robe
 g - a +0 leather armour (worn)
Scrolls
 b - 2 scrolls of identify {unknown}
Potions
 f - a potion of agility {unknown}
Comestibles
 c - 2 rations


   Skills:
 * Level 0.2 Armour
 + Level 2.1 Dodging
 - Level 2.0 Stealth
 + Level 2.0 Spellcasting
 * Level 1.3 Conjurations
 + Level 3.7 Fire Magic


You had 3 spell levels left.
You knew the following spells:

 Your Spells              Type           Power        Failure   Level  Hunger
a - Flame Tongue          Conj/Fire      #....        11%         1    #......

Your spell library contained the following spells:

 Spells                   Type           Power        Failure   Level  Hunger
 Throw Flame              Conj/Fire      #.....       17%         2    ###....
 Conjure Flame            Conj/Fire      #.......     32%         3    ###....
 Inner Flame              Hex/Fire       #.......     41%         3    ###....
 Sticky Flame             Conj/Fire      #.......     73%         4    #####..
 Fireball                 Conj/Fire      #.........   97%         5    ######.


Dungeon Overview and Level Annotations

Branches:
Dungeon (1/15)

Altars:


Innate Abilities, Weirdness & Mutations

You have a beak for a mouth.
You have claws for feet.


Message History

The frilled lizard bites you but does no damage.
The leopard gecko closely misses you.
Your magical contamination has completely faded away.
You miss the leopard gecko. Your peck misses the leopard gecko.
The leopard gecko bites you. The frilled lizard barely misses you.
You closely miss the leopard gecko. The leopard gecko bites you.
* * * LOW HITPOINT WARNING * * *
The frilled lizard closely misses you. The leopard gecko barely misses you.
The frilled lizard closely misses you.
You barely miss the leopard gecko. The leopard gecko barely misses you.
The frilled lizard barely misses you. The leopard gecko closely misses you.
You closely miss the leopard gecko. Your peck misses the leopard gecko.
The frilled lizard hisses.
The frilled lizard closely misses you. The leopard gecko bites you.
* * * LOW HITPOINT WARNING * * *
You hit the leopard gecko. You claw the leopard gecko.
The leopard gecko is severely wounded.
The leopard gecko misses you. The frilled lizard barely misses you.
The leopard gecko bites you.
You die...

##.##............##.# #......##
...............#.##.# #......#
...............#..#.#####......#
...............##..............#
..........K....####.#####......#
........#.(###..###.## #......#
........†..# ##.K##..## #......#
..$....†.((# ##l###..# #.....(#
.......##### #@l....# #...####
.........# #####..# ...........l
#..... ......[.###.# #...##..
........# .# #..... (.......#
....... ......... ...#####
......##. #.##


You could see a leopard gecko, a kobold and a frilled lizard.

Vanquished Creatures
  A ball python (D:1)
  A hobgoblin (D:1)
  A kobold (D:1)
  A bat (D:1)
  A rat (D:1)
5 creatures vanquished.

Notes
Turn   | Place    | Note
-------+----------+-------------------------------------------
     0 | D:1      | Bronimir the Tengu Fire Elementalist began the quest for
                  | the Orb.
     0 | D:1      | Reached XP level 1. HP: 10/10 MP: 4/4
   141 | D:1      | Slain by a leopard gecko

Levels and vault maps discovered:
D:1:      kennysheep_arrival_forest, layout_rooms, minmay_small_reverse_x

Action                   || total
-------------------------++-------
Melee: Club              ||    12
       Unarmed           ||     3
       Kick              ||     2
 Cast: Flame Tongue      ||     7
 Stab: Sleeping          ||     2
Armor: Leather armour    ||     3
       Robe              ||     1
Dodge: Dodged            ||    27
